 Dungeon Crawl Stone Soup version 0.18-a0-1413-g4eaa9ac (webtiles) character file.

91 M4edhros the Martial Artist (level 4, 0/28 HPs)
             Began as an Octopode Artificer on Feb 25, 2016.
             Succumbed to an adder's poison
             ... on level 2 of the Dungeon.
             The game lasted 00:01:18 (1142 turns).

M4edhros the Martial Artist (Octopode Artificer)    Turns: 1142, Time: 00:01:18

Health: 0/28       AC:  1    Str:  7 (10) XL:     4   Next: 57%
Magic:  6/6        EV: 12    Int: 14 (15) God:
Gold:   136        SH:  0    Dex: 11 (12) Spells: 0 memorised, 3 levels left

rFire  . . .     SeeInvis .       - Unarmed
rCold  . . .     Gourm    .     (no shield)
rNeg   . . .     Faith    .     (helmet restricted)
rPois  .         Spirit   .     (no amulet)
rElec  .         Dismiss  .     e - ring of wizardry
rCorr  .         Reflect  .     (no ring)
SustAt .         Harm     .     (no ring)
MR     .....                    (no ring)
Stlth  +++.......               (no ring)
                                (no ring)
                                (no ring)
                                (no ring)

@: lethally poisoned (0 -> -4), very slightly contaminated, hasted, very quick,
not resistant to hostile enchantments, fairly stealthy
A: almost no armour, amphibious, 8 rings, constrict 8, camouflage 1, gelatinous
body 1
a: no special abilities


You were on level 2 of the Dungeon.
You were hungry.

You visited 1 branch of the dungeon, and saw 2 of its levels.

You collected 136 gold pieces.

Inventory:

Jewellery
 e - a ring of wizardry (left tentacle)
Wands
 b - a wand of flame (15/48)
 c - a wand of enslavement (15/24)
 d - a wand of random effects (15/48)
Scrolls
 a - 2 scrolls of enchant weapon {unknown}
 g - a scroll of random uselessness {unknown}
 i - a scroll of immolation {unknown}
 k - a scroll of amnesia {unknown}
Potions
 m - a potion of cancellation
 n - a potion of haste
Comestibles
 f - a bread ration
 l - a slice of pizza


   Skills:
 - Level 1.0 Fighting
   Level 1.0 Short Blades
 - Level 2.0 Dodging
 - Level 1.3 Stealth
 + Level 10.8 Unarmed Combat
 - Level 3.2 Evocations


You had 3 spell levels left.
You didn't know any spells.

Dungeon Overview and Level Annotations

Branches:
Dungeon (2/15)

Altars:


Innate Abilities, Weirdness & Mutations

You cannot wear most types of armour.
You are amphibious.
You can wear up to eight rings at the same time.
You can use your tentacles to constrict eight enemies at once.
Your skin changes colour to match your surroundings (Stealth).
Your rubbery body absorbs attacks (AC +1).


Message History

You feel more experienced!
Your Unarmed Combat skill gained 7 levels and is now at level 10!
You have reached level 4!
You constrict the jackal, but do no damage.
The jackal bites you.
* * * LOW HITPOINT WARNING * * *
Drink which item? (? for menu, Esc to quit)
It was a potion of degeneration.
There was something very wrong with that liquid.
You feel weakened.
You feel dopey.
You feel clumsy.
You constrict the jackal. The jackal closely misses you.
You tentacle-slap the jackal.
You kill the jackal!
* * * LOW HITPOINT WARNING * * *
You feel sick.
* * * LOW HITPOINT WARNING * * *
You feel sick.
* * * LOW HITPOINT WARNING * * *
You feel sick.
You die...

# ###.### .# #.# ##%# #.#
...# #(# ... #.# .#### #####
#.# # #.. ...# #.# ###.#
##.##############.# .##.#
####......@.......†..#
.##.###.....################
....)(..###.# .##.##### #.#
.##.# #.# ###.#######.#
#.........# ###########


There were no monsters in sight!

Vanquished Creatures
  An adder (D:2)
  A worm (D:2)
  A giant gecko (D:2)
  7 bats (D:1)
  A giant cockroach (D:1)
  2 goblins
  3 hobgoblins
  A jackal (D:2)
  7 kobolds
  2 quokkas (D:2)
  2 giant newts
  3 rats
31 creatures vanquished.

Notes
Turn   | Place    | Note
--------------------------------------------------------------
     0 | D:1      | M4edhros the Octopode Artificer began the quest for the Orb.
     0 | D:1      | Reached XP level 1. HP: 13/13 MP: 3/3
    74 | D:1      | Reached skill level 1 in Unarmed Combat
   116 | D:1      | Reached XP level 2. HP: 11/18 MP: 4/4
   328 | D:1      | Reached skill level 2 in Unarmed Combat
   868 | D:2      | Reached XP level 3. HP: 23/23 MP: 5/5
  1122 | D:2      | Reached skill level 3 in Unarmed Combat
  1129 | D:2      | Reached skill level 10 in Unarmed Combat
  1129 | D:2      | Reached XP level 4. HP: 4/28 MP: 6/6
  1138 | D:2      | HP: 1/28 [poisoned by an adder]
  1142 | D:2      | Succumbed to an adder's poison

Vault maps used:
D:1:      dpeg_arrival_pits
D:2:      minmay_ruptured

Skill      XL: |  1  2  3 |
---------------+----------+-----
Unarmed Combat | 1 2 10 | 10.8
Fighting       | |  1.0
Short Blades   | |  1.0
Dodging        | |  2.0
Stealth        | |  1.3
Evocations     | |  3.2

Action                   |  1- 3 |  4- 6 || total
-------------------------+-------+-------++-------
Melee: Unarmed           |    74 |     1 ||    75
  Use: Potion            |     5 |     1 ||     6
 Stab: Sleeping          |     9 |       ||     9
